[Event "*** Titled Tuesday Blitz"]
[Site "Chess.com"]
[Date "2020.11.10"]
[Round "5"]
[White "124chess"]
[Black "FrenchMonster2002"]
[Result "1-0"]
[WhiteElo "2724"]
[BlackElo "2444"]
[TimeControl "180+1"]
[EndTime "10:59:21 PST"]
[Termination "124chess won on time"]

1. d4 Nf6 2. c4 g6 3. Nc3 Bg7 4. e4 d6 5. Be2 O-O 6. Be3 Na6 7. Nf3 c6 8. O-O e5 9. d5 Ng4 10. Bg5 f6 11. Bh4 c5 12. Ne1 h5 13.
Nd3 Nh6 14. f3 Nf7 15. a3 Bh6 16. Bf2 f5 17. b4 b6 18. Rb1 f4 19. bxc5 Nxc5 20. a4 g5 21. a5 g4 22. axb6 axb6 23. Nxc5 bxc5 24. fxg4 Ng5 25. Kh1 f3 26. gxf3 hxg4 27.
fxg4 Ra3 28. Rb3 Rxb3 29. Qxb3 Nh3 30. Bg3 Rxf1+ 31. Bxf1 Bxg4 32. Qb2 Qf6 33. Bg2 Be3 34. Qb8+ Kg7 35. Qb7+ Kg6 36. Qb1 Bd4 37. Nb5 Be3 38.
Qf1 Nf2+ 39. Bxf2 Bxf2 40. Nxd6 Qxd6 41. Qxf2 Qf6 42. Qxc5 1-0

[Event "*** Titled Tuesday Blitz"]
[Site "Chess.com"]
[Date "2020.11.10"]
[Round "5"]
[White "mjray79"]
[Black "Sergienko_Sergey"]
[Result "1-0"]
[WhiteElo "2502"]
[BlackElo "2295"]
[TimeControl "180+1"]
[EndTime "10:59:21 PST"]
[Termination "mjray79 won on time"]

1. d4 Nf6 2. c4 c5 3. d5 e5 4. Nc3 d6 5. e4 Be7 6. g3 O-O 7. Bg2 Ne8 8. Nge2 g6 9. h4 Ng7 10. Bh6 Nd7 11. h5 Bg5 12. hxg6 fxg6 13. Qd3 Bxh6 14. Rxh6 Qg5 15. Rh1 Nf6 16. f3 a6 17.
Qd2 Qxd2+ 18. Kxd2 Bd7 19. a4 b6 20. Ke3 h5 21. Rab1 a5 22. Bh3 Bxh3 23. Rxh3 Rad8 24. Rg1 Kf7 25. g4 hxg4 26. fxg4 Rh8 27. Rf3 Ke7 28. Nb5 Rh4 29. g5 Nxe4 30. Na7 Nf5+ 31. Kd3 Rdh8 32. Nc6+ Kd7 33. Nc1 Rh3 34. Rxh3 Rxh3+ 35. Kc2 Nd4+ 36. Nxd4 cxd4 37. Nd3 Rh2+ 38. Kc1 Nc5 39. Ne1 Nb3+ 40. Kb1 e4 41. Rf1 d3 42. Ka2 Nc5 43. Rf7+ Ke8 44. Rf1 d2 45. Nc2 Nd3 46. Ne3 Re2 47. Nc2 Re1 48.
Nxe1 dxe1=Q 49. Rf6 1-0

[Event "*** Titled Tuesday Blitz"]
[Site "Chess.com"]
[Date "2020.11.10"]
[Round "5"]
[White "Qvalda"]
[Black "Ermito2020"]
[Result "1-0"]
[WhiteElo "2433"]
[BlackElo "2582"]
[TimeControl "180+1"]
[EndTime "10:59:22 PST"]
[Termination "Qvalda won by resignation"]

1. e4 c6 2. d4 d5 3. exd5 cxd5 4. Bd3 Nc6 5. c3 Nf6 6. h3 g6 7. Nf3 Bf5 8. Bxf5 gxf5 9. Qc2 e6 10. g4 fxg4 11.
hxg4 Nxg4 12. Bg5 Be7 13. Bxe7 Qxe7 14. Rxh7 O-O-O 15. Nbd2 Qf6 16. O-O-O Rxh7 17. Qxh7 Rh8 18. Qc2 Nxf2 19. Rf1 Rh1 20. Rxh1 Nxh1 21. Qh7 Nf2 22.
Qg8+ Kd7 23. Qa8 Kc7 24. b4 Qd8 25. Qxd8+ Nxd8 26. Kc2 Nc6 27. a4 Kd6 28. a5 a6 29.
Nb3 Ne4 30. Kd3 f6 31. Nc5 Nxc5+ 32. dxc5+ Kd7 33. Nh4 e5 34. Nf5 Ne7 35. Nd6 Kc6 36. c4 d4 37. Ke4 f5+ 38. Kd3 f4 39. Ke4 Ng8 40. Kxe5 d3 41. Ne4 f3 42. Nf2 d2 43.
Kf4 Nf6 44. Kxf3 Nd7 45. Ke2 Ne5 46. Kxd2 Nxc4+ 47. Kc3 Nxa5 48. Nd3 Kb5 49. bxa5 Kxa5 50. Kc4 Ka4 51. Nf2 a5 52. Ne4 Ka3 53. Nd6 a4 54. Nxb7 Kb2 55. Na5 a3 56. Nb3 a2 57.
c6 1-0

[Event "*** Titled Tuesday Blitz"]
[Site "Chess.com"]
[Date "2020.11.10"]
[Round "5"]
[White "JoachimMouhamad"]
[Black "sm_sharon"]
[Result "1-0"]
[WhiteElo "2351"]
[BlackElo "2131"]
[TimeControl "180+1"]
[EndTime "10:59:22 PST"]
[Termination "JoachimMouhamad won by resignation"]

1. e4 g6 2. d4 Bg7 3. Nc3 d6 4. Nf3 a6 5. a4 b6 6. Be2 Bb7 7. O-O c5 8. d5 Nf6 9. Nd2 O-O 10. Re1 e6 11. Nc4 exd5 12. exd5 Re8 13. Bf4 Bf8 14. Bf3 Rxe1+ 15. Qxe1 Ne8 16. Qe3 Nd7 17. Re1 Qf6 18. Ne4 Qf5 19. g4 Qxd5 20. Nf6+ Ndxf6 21. Bxd5 Nxd5 22. Qg3 Nxf4 23. Qxf4 b5 24. Nb6 Rd8 25. axb5 axb5 26. b3 Ng7 27. c4 Ne6 28. Qe3 Bg7 29. Nd5 Bd4 30. Qd2 Bxd5 31. cxd5 Nc7 32. b4 Nxd5 33. bxc5 dxc5 34. Qg5 Bf6 35. Qd2 Kg7 36. Rd1 Bd4 37. Qd3 h6 38. Qxb5 Nf4 39. Qf1 Bxf2+ 40. Kxf2 Rxd1 41.
Qxd1 g5 42. Qc2 Kg8 43. Kf3 c4 44. Qxc4 Kg7 45. Qd4+ Kg8 46. h4 Kh7 47. hxg5 hxg5 48. Qf6 Ne6 49. Qxf7+ Ng7 50. Qf6 Kg8 51. Ke4 1-0

[Event "*** Titled Tuesday Blitz"]
[Site "Chess.com"]
[Date "2020.11.10"]
[Round "5"]
[White "ENajer77"]
[Black "andrzej"]
[Result "0-1"]
[WhiteElo "2667"]
[BlackElo "2390"]
[TimeControl "180+1"]
[EndTime "10:59:23 PST"]
[Termination "andrzej won on time"]

1. d4 Nf6 2. c4 e6 3. Nc3 Bb4 4. Bd2 O-O 5. a3 Bxc3 6. Bxc3 d5 7. Nf3 Ne4 8. Qc2 Nd7 9. e3 b6 10. cxd5 exd5 11. Bd3 Bb7 12. O-O Re8 13. b4 c5 14. bxc5 bxc5 15. Rab1 Bc6 16. dxc5 Ndxc5 17. Be2 Ba4 18. Qb2 Rb8 19. Qxb8 Qxb8 20. Rxb8 Rxb8 21. Bb4 a5 22. Bxa5 Rb2 23. Nd4 Ne6 24. Bd3 Nxd4 25.
exd4 f5 26. f3 Nd2 27. Re1 Nb3 28. Bb4 Nxd4 29. h4 Nc2 30. Bxc2 Rxc2 31. Re5 d4 32. Rd5 Rc1+ 33. Kh2 Rd1 34. Kg3 d3 35. Kf4 g6 36.
Kg5 Kf7 37. Re5 Rg1 38. Rd5 Rd1 0-1

[Event "*** Titled Tuesday Blitz"]
[Site "Chess.com"]
[Date "2020.11.10"]
[Round "5"]
[White "BigAl"]
[Black "Ze-Pequeno"]
[Result "1-0"]
[WhiteElo "2486"]
[BlackElo "2257"]
[TimeControl "180+1"]
[EndTime "10:59:23 PST"]
[Termination "BigAl won by checkmate"]

1. e4 c5 2. Nc3 a6 3. g3 b5 4. Bg2 Bb7 5. d3 e6 6. Nf3 d6 7. O-O Nc6 8. Re1 Nf6 9. d4 cxd4 10. Nxd4 Qc7 11. a4 b4 12. Nd5 exd5 13. exd5+ Ne5 14.
f4 Be7 15. fxe5 dxe5 16. Nf5 Bc5+ 17. Kh1 O-O 18. Bg5 Nd7 19. Qg4 g6 20. Ne7+ Bxe7 21. Bxe7 Rfe8 22. Bxb4 f5 23. Qh4 Qxc2 24. Rac1 Qxa4 25. Rc7 Rab8 26. Qc4 Kh8 27. b3 Qb5 28.
Qxb5 axb5 29. Rxd7 e4 30. Bc3+ Kg8 31. Rg7+ Kf8 32.
d6 b4 33. Bb2 Red8 34. Rxh7 Kg8 35. Rg7+ Kf8 36. Rh7 Kg8 37. Rg7+ Kf8 38. d7 Bc6 39. Rd1 Rb7 40. Rxg6 Rbxd7 41. Rf1 Rd5 42. Rxc6 Kf7 43. Bxe4 Rd2 44. Rxf5+ Ke7 45. Rc7+ Ke6 46. Rf6# 1-0

[Event "*** Titled Tuesday Blitz"]
[Site "Chess.com"]
[Date "2020.11.10"]
[Round "5"]
[White "ViditYT"]
[Black "German_Bazeev"]
[Result "1/2-1/2"]
[WhiteElo "2874"]
[BlackElo "2740"]
[TimeControl "180+1"]
[EndTime "10:59:24 PST"]
[Termination "Game drawn by repetition"]

1. d4 Nf6 2. Nf3 e6 3. c4 d5 4.
g3 dxc4 5. Bg2 Bd7 6. Nbd2 Bb4 7.
O-O Bxd2 8. Bxd2 Bc6 9. Qc2 b5 10. a4 Be4 11. Qc1 c6 12. Bg5 Nbd7 13. Qf4 Qb8 14.
Qxb8+ Rxb8 15. axb5 cxb5 16. Rxa7 O-O 17. Bf4 Ra8 18.
Rfa1 b4 19. Bd6 Rxa7 20. Rxa7 Rc8 21. Bxb4 Nb6 22. Ne5 Bxg2 23. Kxg2 Nfd5 24. Ba5 f6 25. Nd7 Nxd7 26. Rxd7 Rb8 27. e4 Nb4 28. d5 exd5 29. exd5 Nd3 30. Bc3 Nxb2 31. d6 Na4 32. Bd4 c3 33. Ra7 c2 34. Rc7 Rd8 35. Rxc2 Rxd6 36. Rc4 Nb6 37. Bxb6 Rxb6 38. Rc7 Rb3 39. h4 h5 40.
Rc8+ Kf7 41. Rc5 Kg6 42. Ra5 Rc3 43. Rd5 Rb3 44. Ra5 Rc3 45. Rb5 Rd3 46. Rc5 Rb3 47. Ra5 1/2-1/2

[Event "*** Titled Tuesday Blitz"]
[Site "Chess.com"]
[Date "2020.11.10"]
[Round "5"]
[White "rugbyclub"]
[Black "banane_verte"]
[Result "0-1"]
[WhiteElo "2220"]
[BlackElo "2397"]
[TimeControl "180+1"]
[EndTime "10:59:25 PST"]
[Termination "banane_verte won by resignation"]

1. d4 Nf6 2. Nf3 e6 3. Bg5 d5 4. Nbd2 Be7 5. e3 O-O 6. Bd3 Nbd7 7. Qe2 b6 8. Ne5 Bb7 9. f4 Ne4 10. Bxe7 Qxe7 11. Nxd7 Qxd7 12. Bxe4 dxe4 13. O-O f5 14. g4 Rf6 15. Kh1 Kh8 16. Rg1 Raf8 17. Qf2 Qb5 18. b3 Qb4 19. Nc4 c5 20. dxc5 Qxc5 21. Ne5 Rd8 22.
g5 Rff8 23. g6 h6 24. Nf7+ Kg8 25. Nxd8 Rxd8 26. Rad1 Rd5 27. c4 Rd3 28. h4 Qd6 29.
Qe1 e5 30. fxe5 Qxe5 31. Qf1 Qf6 32. Qf4 Qd8 33. Rdf1 Bc8 34. Kh2 Qf6 35. Rf2 Kf8 36. Rgg2 Ke7 37. Rd2 Qe6 38. Qc7+ Bd7 39. Qf4 Bc6 40.
Rxd3 exd3 41. Rd2 Be4 42. Qc7+ Kf6 43. Qd8+ Kxg6 44. Qd4 Qf6 45. Qxf6+ Kxf6 46. Kg3 g5 47.
hxg5+ hxg5 48. Kf2 Ke5 49. Ke1 f4 50. exf4+ Kxf4 51. Rh2 Ke3 52. Rh8 d2+ 53. Kd1 Bf3+ 0-1

[Event "*** Titled Tuesday Blitz"]
[Site "Chess.com"]
[Date "2020.11.10"]
[Round "5"]
[White "SlavenPastar"]
[Black "Kotofeyca"]
[Result "0-1"]
[WhiteElo "2531"]
[BlackElo "2385"]
[TimeControl "180+1"]
[EndTime "10:59:26 PST"]
[Termination "Kotofeyca won on time"]

1. d4 d5 2. c4 c6 3. Nf3 Nf6 4. g3 Bg4 5. Nc3 e6 6. Ne5 Bh5 7. Bg2 Nbd7 8. O-O Nxe5 9. dxe5 Nd7 10. cxd5 cxd5 11. f4 Bc5+ 12. Kh1 O-O 13. h3 f5 14.
exf6 Nxf6 15. Qb3 Qb6 16. e4 Rfd8 17. g4 Bf7 18. e5 Nd7 19. Na4 Qxb3 20. axb3 Bd4 21.
Rd1 Bf2 22. Bf3 a6 23. Kg2 Ba7 24. Nc3 Nc5 25. Ra3 Nd7 26. b4 Nb6 27. Be2 Rdc8 28.
Be3 Be8 29. b5 Nc4 30. Bxc4 Bxe3 31. Nxd5 Bc5 32. bxa6 bxa6 33. Rc3 Bc6 34. Kg3 Bxd5 35. Bxd5 exd5 36. Rxd5 Bb4 37. Rb3 a5 38. Rbd3 Rc2 39.
e6 Kf8 40. Rd7 Rxb2 41. Rf7+ Kg8 42. Rdd7 Bc3 43. f5 Bf6 44. h4 Rb3+ 45. Kf4 Bxh4 0-1

[Event "*** Titled Tuesday Blitz"]
[Site "Chess.com"]
[Date "2020.11.10"]
[Round "5"]
[White "Jumbo"]
[Black "olksuna"]
[Result "1-0"]
[WhiteElo "2865"]
[BlackElo "2624"]
[TimeControl "180+1"]
[EndTime "10:59:29 PST"]
[Termination "Jumbo won on time"]

1. e4 Nf6 2. e5 Nd5 3. d4 d6 4. Nf3 dxe5 5. Nxe5 c6 6. Bd3 Nd7 7.
Nf3 g6 8. O-O Bg7 9. Re1 O-O 10.
c3 c5 11. c4 Nb4 12. d5 Nxd3 13. Qxd3 b5 14. cxb5 Nb6 15. Nc3 Bb7 16. Bg5 Nxd5 17.
Bxe7 Nxe7 18. Qxd8 Rfxd8 19. Rxe7 Bxf3 20. gxf3 Rd2 21. Rae1 Bd4 22. R1e2 Rd3 23. Ne4 Rxf3 24. b3 Kg7 25. Kg2 Rf5 26. Nd6 Rf6 27. Ne8+ Rxe8 28. Rxe8 Rb6 29. a4 a6 30. bxa6 Rxa6 31. Rb8 Kf6 32. Re4 Kf5 33. Re7 Rf6 34. Rbb7 Kg5 35. Rxf7 Re6 36. Rxh7 Re2 37. Rhf7 Ra2 38. Rf3 Kg4 39. h3+ Kg5 40. Rb5 Kh6 41. a5 g5 42.
Rb6+ Kh5 43. Rf7 g4 44. Rf5+ 1-0

[Event "*** Titled Tuesday Blitz"]
[Site "Chess.com"]
[Date "2020.11.10"]
[Round "5"]
[White "redbaron8888"]
[Black "alexrustemov"]
[Result "0-1"]
[WhiteElo "2539"]
[BlackElo "2726"]
[TimeControl "180+1"]
[EndTime "10:59:29 PST"]
[Termination "alexrustemov won by resignation"]

1. e4 e6 2. Qe2 d5 3. exd5 Qxd5 4. Nc3 Qd8 5. g3 c5 6. Bg2 Ne7 7. Nf3 Nbc6 8. O-O Nf5 9. Ne4 Be7 10. d3 O-O 11. c3 b6 12. Bf4 Bb7 13. Rad1 Rc8 14.
Rfe1 Qd7 15. h4 Rfd8 16. h5 h6 17. g4 Nd6 18. g5 hxg5 19. Nexg5 Nf5 20. Bh3 Bxg5 21.
Nxg5 Qd5 22. Bg2 Qxg2+ 23. Kxg2 Ncd4+ 24. Qe4 Nh4+ 25. Kh3 Bxe4 26. dxe4 Ndf3 27. Rxd8+ Rxd8 28. Re3 e5 29. Bxe5 Nxe5 30. Kxh4 Rd2 31. Nf3 Nxf3+ 32. Rxf3 Rxb2 33. Rd3 Rxa2 34. Rd8+ Kh7 35. f4 Ra4 36. Rd7 f6 37. Rxa7 Rxe4 38. Kg4 Rc4 39. Rb7 Rxc3 40. Rxb6 Rc1 41. Kf3 c4 42. Rb8 c3 43.
Ke2 c2 44. Kd2 Rf1 45. Kxc2 Rxf4 46. Rb5 Rd4 47. Kc3 Rd8 48. Rf5 Kh6 49. Kc2 Rd4 50. Rb5 Rg4 51. Kd3 Rg5 52. Rb8 Kxh5 53. Ke4 Kg6 54.
Kf4 Ra5 55. Rb4 Kh6 56. Kg4 g5 57. Rb8 Ra4+ 58. Kf5 Rf4+ 59. Ke6 Kh5 60. Rh8+ Kg4 61. Rh1 Kf3 62. Rf1+ Kg2 63. Rb1 g4 64. Kd5 g3 65. Rb2+ Kh3 66. Rb8 g2 0-1

[Event "*** Titled Tuesday Blitz"]
[Site "Chess.com"]
[Date "2020.11.10"]
[Round "5"]
[White "albi1999"]
[Black "Zarikovs1999"]
[Result "1-0"]
[WhiteElo "2546"]
[BlackElo "2369"]
[TimeControl "180+1"]
[EndTime "10:59:30 PST"]
[Termination "albi1999 won on time"]

1. d4 Nf6 2. c4 c5 3. d5 b5 4. cxb5 a6 5. bxa6 g6 6. Nc3 Bg7 7. e4 O-O 8. Nf3 Qa5 9. Bd2 Bxa6 10. Be2 d6 11. O-O Bxe2 12. Qxe2 Qa6 13. Qd1 Nbd7 14. Qc2 Rfb8 15. h3 Nb6 16. b3 e6 17. dxe6 fxe6 18. e5 dxe5 19. Nxe5 Nbd5 20. Rfe1 Rd8 21. Nxd5 Rxd5 22.
Bc3 Rad8 23. Nc4 Qc6 24. Qe2 Re8 25. Qf3 Rf8 26. Qe2 Re8 27. Rad1 Red8 28. Ne3 Rxd1 29.
Rxd1 Rd7 30. Rxd7 Qxd7 31. Qc4 Qd6 32. a4 Nd5 33. Bxg7 Kxg7 34. Qd3 Qe5 35. Qd2 Qa1+ 36.
Kh2 Qe5+ 37. g3 Nf6 38. Nc4 Qf5 39. Qe2 Ne4 40. Kg2 Ng5 41. Qe5+ Qxe5 42. Nxe5 Ne4 43. a5 Nd6 44. a6 Nb5 45. Nc6 Kf7 46. a7 Nc7 47.
Kf3 Ke8 48. Ke4 Kd7 49. Ne5+ Kc8 50. Nd3 Kb7 51. Nxc5+ Kxa7 52. Ke5 Kb6 53. Nxe6 Nb5 54. Nf8 Nc3 55. Nxh7 Nd1 56. f4 Nf2 57. h4 Nd3+ 58.
Kf6 Nc5 59. Kxg6 Ne6 60. f5 Nd4 61. f6 Nc6 62. f7 1-0

[Event "*** Titled Tuesday Blitz"]
[Site "Chess.com"]
[Date "2020.11.10"]
[Round "5"]
[White "Bastiandash"]
[Black "blitzking1729"]
[Result "0-1"]
[WhiteElo "2356"]
[BlackElo "2536"]
[TimeControl "180+1"]
[EndTime "10:59:30 PST"]
[Termination "blitzking1729 won on time"]

1. d4 d6 2. Nf3 Nf6 3. Bg5 e6 4.
Nbd2 Be7 5. c3 O-O 6. e4 b6 7.
Bd3 Bb7 8. Qe2 Nbd7 9. O-O e5 10. dxe5 dxe5 11. Bxf6 Bxf6 12. Rfe1 Nc5 13. Bc4 Qe7 14. a4 a5 15. Qd1 Rad8 16. Qc2 Ba6 17. Bxa6 Nxa6 18.
Nc4 Nc5 19. Ne3 c6 20. Rad1 Ne6 21. Nf5 Qc7 22. g3 g6 23. Ne3 Bg7 24. Qb3 Nc5 25. Qc4 Rxd1 26. Rxd1 Rd8 27. Rxd8+ Qxd8 28. b4 Nxa4 29.
Qxc6 Nb2 30. Nd5 a4 31. Nd2 a3 32. Qb7 f5 33. exf5 a2 34. Nb3 gxf5 35. Ne7+ Kh8 36.
Nxf5 Bf8 37. Qe4 Bg7 38. Qb7 Bf8 39. Qe4 Qd1+ 40. Kg2 Qxb3 41. Qxe5+ Kg8 42. Qf6 Qd5+ 43. f3 Qd2+ 44. Kh3 Qd7 45. Qg5+ Bg7 0-1

[Event "*** Titled Tuesday Blitz"]
[Site "Chess.com"]
[Date "2020.11.10"]
[Round "5"]
[White "ehrenfeld"]
[Black "IceBelka"]
[Result "0-1"]
[WhiteElo "2488"]
[BlackElo "2327"]
[TimeControl "180+1"]
[EndTime "10:59:30 PST"]
[Termination "IceBelka won on time"]

1. e4 c6 2. d4 d5 3. exd5 cxd5 4. Bd3 Nc6 5. c3 g6 6. Nf3 Bg7 7. O-O Nf6 8. Re1 O-O 9. h3 Bf5 10. Bf1 Ne4 11. Nbd2 a6 12. Nxe4 Bxe4 13. Bf4 b5 14.
Nd2 Bf5 15. a3 Na5 16. g4 Bd7 17. Qf3 e6 18. Re2 Rc8 19. Rae1 Bc6 20. Qg3 Qd7 21. Nf3 Nc4 22. Ne5 Nxe5 23. Bxe5 a5 24. Re3 b4 25. axb4 axb4 26. Bd6 Rfe8 27. Bxb4 Bb5 28.
Bxb5 Qxb5 29. Ba3 Qb3 30. R1e2 Ra8 31. h4 Rec8 32. Kg2 Bh6 33. Rf3 Qd1 34. Qe5 Bg7 35. Qe3 Rcb8 36. h5 Rxa3 37. bxa3 Rb1 38. Rh3 Bf8 39. hxg6 Qf1+ 40. Kg3 Bd6+ 41. f4 hxg6 42.
Rg2 Re1 43. Qf3 Qc4 44. Kh2 Re4 45. Kh1 Bxf4 46. Rgh2 Re1+ 0-1

[Event "*** Titled Tuesday Blitz"]
[Site "Chess.com"]
[Date "2020.11.10"]
[Round "5"]
[White "VitaliyBernadskiy"]
[Black "Semetey"]
[Result "1-0"]
[WhiteElo "2746"]
[BlackElo "2579"]
[TimeControl "180+1"]
[EndTime "10:59:32 PST"]
[Termination "VitaliyBernadskiy won by checkmate"]

1. e4 e5 2. Nf3 Nc6 3. Bb5 a6 4. Ba4 Nf6 5. O-O Be7 6. d3 b5 7.
Bb3 O-O 8. Nc3 d6 9. a3 Be6 10.
Nd5 Bxd5 11. exd5 Nd4 12. Ba2 Nd7 13. Nd2 Bg5 14. c3 Nf5 15. a4 Nh4 16. g3 Ng6 17. Bb1 f5 18. Bc2 Nf6 19. c4 b4 20. a5 Qc8 21. d4 e4 22. f4 exf3 23. Qxf3 Ne7 24. Nb3 Bxc1 25. Raxc1 Qd7 26. Rce1 Rae8 27. Re6 g6 28. Nc1 Kg7 29. Nd3 Neg8 30. Nf4 Rb8 31. Re2 Kh8 32. Ne6 Rf7 33. Qf4 Re7 34. Rfe1 b3 35. Bd3 Qa4 36. Qh4 Qxa5 37. Kg2 Rbe8 38. h3 Qb4 39. g4 a5 40. gxf5 gxf5 41. Kh2 Ne4 42. Rg1 a4 43. Reg2 Ngf6 44. Qh6 Qb7 45. Bxe4 Nxe4 46. Rg8+ Rxg8 47. Rxg8+ Kxg8 48. Qf8# 1-0

[Event "*** Titled Tuesday Blitz"]
[Site "Chess.com"]
[Date "2020.11.10"]
[Round "5"]
[White "kirillshevchenko"]
[Black "Gusarov91"]
[Result "0-1"]
[WhiteElo "2855"]
[BlackElo "2641"]
[TimeControl "180+1"]
[EndTime "10:59:33 PST"]
[Termination "Gusarov91 won by resignation"]

1. e4 c6 2. d4 Na6 3. Nc3 Nc7 4.
Nf3 d5 5. h3 g6 6. Bf4 dxe4 7.
Nxe4 Nd5 8. Be5 Ngf6 9. Bd3 Bg7 10. O-O O-O 11. Re1 Nb4 12. Bc4 Bf5 13. Bxf6 exf6 14. c3 Nd5 15. Qd2 Qc7 16. Bd3 Rae8 17. Nc5 Bc8 18.
Rxe8 Rxe8 19. Re1 Re7 20. c4 Nb6 21. Re3 f5 22. Qe2 Bf6 23. Ne5 Kg7 24. Nb3 f4 25. Re4 Bf5 26. Rxf4 Bxe5 27. dxe5 Bxd3 28. Qxd3 Qxe5 29.
Qd2 Qe1+ 30. Qxe1 Rxe1+ 31. Kh2 Re2 32. c5 Nd5 33. Ra4 a6 34. Kg3 Rxb2 35. Kf3 f5 36. h4 Kf6 37. Na5 Nc3 38. Ra3 Ne4 39. Ke3 Nxc5 40.
Nc4 Rb4 41. Nd6 Rxh4 42. Rc3 Ne4 43. Rd3 Nxd6 44. Rxd6+ Ke7 45. Rd2 Re4+ 46. Kf3 Rb4 47. g3 a5 48. Ke3 a4 49. Kd3 b5 50. Kc3 Rc4+ 51. Kd3 h5 52. Re2+ Kf6 53. Re8 h4 54. gxh4 Rxh4 55. Rc8 Rc4 56. a3 Kg5 57. Rg8 Kh5 58.
Rf8 Kg4 59. Rf6 g5 60. Ke2 f4 61. Rg6 Rc2+ 62. Ke1 Kf3 63. Rxg5 Re2+ 64. Kd1 Rxf2 65. Rc5 Rf1+ 66. Kd2 Ra1 67. Rc3+ Ke4 68. Rxc6 Ra2+ 69. Ke1 Rxa3 70. Ra6 0-1

[Event "*** Titled Tuesday Blitz"]
[Site "Chess.com"]
[Date "2020.11.10"]
[Round "5"]
[White "Chessdude1987"]
[Black "MVM2008"]
[Result "1/2-1/2"]
[WhiteElo "2276"]
[BlackElo "2178"]
[TimeControl "180+1"]
[EndTime "10:59:33 PST"]
[Termination "Game drawn - insufficient material"]

1. e4 d6 2. d4 Nf6 3. Nc3 g6 4. Be2 Bg7 5. g4 c5 6. dxc5 Nc6 7. g5 Nd7 8. cxd6 O-O 9. dxe7 Qxe7 10. Bd2 Nc5 11.
f3 f5 12. Nd5 Qd8 13. Be3 Ne6 14. exf5 Rxf5 15. Bc4 b5 16. Bb3 Ncd4 17. Nf6+ Bxf6 18. gxf6 Re5 19. Kf2 Rxe3 20. Kxe3 Qb6 21. Kd2 Nxb3+ 22.
axb3 Bb7 23. Kc1 Rd8 24. Qe1 Qd6 25. Rxa7 Bd5 26. f7+ Kf8 27. Nh3 Qb6 28. Qf2 Qxf2 29. Nxf2 Bxf3 30. Re1 Nf4 31. Re8+ Rxe8 32. fxe8=Q+ Kxe8 33. Rxh7 g5 34. h3 Bg2 35. Kd2 Bd5 36. Ke3 Ng6 37.
Ra7 Nh4 38. Kd4 Bg2 39. Ke5 Nf3+ 40. Kd6 Ng1 41. Ke6 Kd8 42. Ra8+ Bxa8 43. Kf5 Bg2 44. Kxg5 Nxh3+ 45. Nxh3 Bxh3 46. Kf4 Bd7 47. Ke5 Kc7 48. Kd4 Kb6 49. b4 Be6 50. b3 Kc6 51. c4 bxc4 52. bxc4 Kb6 53. b5 Bd7 54. Kd5 Bxb5 55. cxb5 Kxb5 1/2-1/2

[Event "*** Titled Tuesday Blitz"]
[Site "Chess.com"]
[Date "2020.11.10"]
[Round "5"]
[White "Karateloru"]
[Black "talman67"]
[Result "1-0"]
[WhiteElo "2728"]
[BlackElo "2544"]
[TimeControl "180+1"]
[EndTime "10:59:34 PST"]
[Termination "Karateloru won by checkmate"]

1. e4 e5 2. Nf3 Nc6 3. d4 exd4 4. Nxd4 Nf6 5. Nc3 Bb4 6. Nxc6 bxc6 7. Bd3 O-O 8. O-O d5 9. exd5 cxd5 10. Bg5 c6 11. Na4 h6 12. Bh4 Bd6 13. c4 Be6 14. cxd5 Bxd5 15.
Nc3 Be6 16. Bg3 Bxg3 17. hxg3 Rb8 18. b3 c5 19. Rc1 Qa5 20. Na4 Rbc8 21. Bc4 Rfd8 22.
Qe2 Bd7 23. Qe7 Bxa4 24. Qxf7+ Kh8 25. bxa4 Qxa4 26. Rfe1 Rd7 27. Qg6 Rcd8 28. Bb3 Qa5 29. Re5 Rc7 30. Re6 Qd2 31. Rd1 Qxd1+ 32. Bxd1 Rxd1+ 33. Kh2 c4 34. Rxf6 gxf6 35. Qxf6+ Rg7 36. Qf8+ Kh7 37. Qf5+ Rg6 38. Qf7+ Rg7 39. Qxc4 Rd2 40. f3 Re7 41. g4 Ree2 42. Qf7+ Kh8 43. Qxa7 Rxg2+ 44.
Kh3 Rxa2 45. Qb8+ Kh7 46. Qc7+ Kh8 47. Qd8+ Kg7 48. Qe7+ Kh8 49. Kh4 Rge2 50. Qf8+ Kh7 51. Qf7+ Kh8 52. Qf6+ Kh7 53. Qf5+ Kg7 54. Qd7+ Kh8 55.
Kh5 Rh2+ 56. Kg6 Ra6+ 57. Kf7 Rha2 58. Qd4+ Kh7 59. Qg7# 1-0

[Event "*** Titled Tuesday Blitz"]
[Site "Chess.com"]
[Date "2020.11.10"]
[Round "5"]
[White "The_Machine04"]
[Black "Love_craft"]
[Result "0-1"]
[WhiteElo "2292"]
[BlackElo "2583"]
[TimeControl "180+1"]
[EndTime "10:59:35 PST"]
[Termination "Love_craft won by resignation"]

1. d4 Nf6 2. Bg5 g6 3. Bxf6 exf6 4. g3 Bg7 5. Bg2 h5 6. e3 h4 7. c4 d6 8. Nc3 h3 9. Bf3 c6 10. Nge2 f5 11. b4 a5 12. b5 Qc7 13. a4 Be6 14. Qd3 g5 15. O-O O-O 16. Rfc1 Qe7 17. Rab1 Re8 18. Rb2 Bd7 19. Rcb1 Qf6 20. bxc6 bxc6 21. Rb7 Rc8 22. R1b2 Be8 23. Qb1 Na6 24. Na2 Bf8 25. R2b6 f4 26. exf4 gxf4 27. Qe4 fxg3 28. hxg3 Nb4 29.
Nxb4 axb4 30. Rxb4 c5 31. dxc5 dxc5 32. Rb1 Bg7 33. Re7 Bc6 34. Qxc6 Rxc6 35. Bxc6 Qxc6 36.
Nf4 Qxa4 37. Rc1 Qa3 38. Ree1 Bh6 39. Kh2 Bxf4 40. gxf4 Qf3 41. Rg1+ Kf8 42. Rcf1 Qxf4+ 43. Rg3 Ra3 44. Kxh3 Rxg3+ 45. fxg3 Qxf1+ 46. Kh4 Qxc4+ 0-1

[Event "*** Titled Tuesday Blitz"]
[Site "Chess.com"]
[Date "2020.11.10"]
[Round "5"]
[White "IMprovidence"]
[Black "Morshynska"]
[Result "1/2-1/2"]
[WhiteElo "2381"]
[BlackElo "2232"]
[TimeControl "180+1"]
[EndTime "10:59:35 PST"]
[Termination "Game drawn by repetition"]

1. c4 e5 2. g3 Nf6 3. Bg2 Nc6 4. a3 a5 5. Nc3 Bc5 6. e3 d6 7. Nge2 O-O 8. O-O Bb6 9. d4 Re8 10. h3 h6 11. b3 Bf5 12. d5 Ne7 13. e4 Bh7 14. Kh2 Nd7 15. Na4 Ba7 16. Nec3 Bd4 17. Ra2 c6 18. f4 Qb8 19. Ne2 Ba7 20. Nac3 f5 21. exf5 Bxf5 22. dxc6 bxc6 23. fxe5 Nxe5 24. Bf4 Bh7 25. Rd2 Bc5 26. Ne4 Bxa3 27. Nxd6 Bxd6 28.
Rxd6 N7g6 29. Bc1 Qb4 30. Nf4 Nxf4 31. Bxf4 Rab8 32. Bxe5 Rxe5 33. Bxc6 Kh8 34. Rd8+ Bg8 35. Rxb8 Qxb8 36. Bd5 Bxd5 37. cxd5 Qd6 38. Rf4 Rxd5 39. Qf1 Rd2+ 40. Rf2 Qd4 41. Rxd2 Qxd2+ 42. Kh1 Qd5+ 43. Kh2 Qxb3 44. Qf5 Qb4 45. Qc8+ Kh7 46. Qf5+ Kg8 47. Qe6+ Kh7 48. Qf5+ Kg8 49. Qe6+ Kh7 50. Qf5+ 1/2-1/2

[Event "*** Titled Tuesday Blitz"]
[Site "Chess.com"]
[Date "2020.11.10"]
[Round "5"]
[White "chito89"]
[Black "VMikhalevski"]
[Result "0-1"]
[WhiteElo "2842"]
[BlackElo "2731"]
[TimeControl "180+1"]
[EndTime "10:59:36 PST"]
[Termination "VMikhalevski won on time"]

1. Nf3 Nf6 2. c4 g6 3. Nc3 d5 4. cxd5 Nxd5 5. h4 Bg7 6. e4 Nxc3 7. dxc3 Qxd1+ 8. Kxd1 Nc6 9. Kc2 Bg4 10. Bb5 O-O-O 11.
Be3 Bxf3 12. gxf3 a6 13. Bxc6 bxc6 14. h5 Rd6 15. f4 e6 16. Rag1 e5 17. h6 Bf6 18.
fxe5 Bxe5 19. f4 Bf6 20. e5 Re6 21. Bd4 Bd8 22. b4 f5 23. a4 Rg8 24. Kd3 g5 25. fxg5 Rxg5 26. Rf1 Kd7 27. Kc4 Reg6 28. Rd1 Ke8 29.
Rdf1 Kd7 30. Rf3 Be7 31. Kb3 Ke6 32. Rd3 f4 33. Ba7 Rf5 34. Rf3 Rg3 35. Rff1 f3 36.
Bf2 Rg2 37. Bd4 Bg5 38. Kc4 Be7 39. Kd3 Rg3 40. Bf2 Rg4 41. Bd4 Rg2 42. Rh3 f2 43. Ke2 c5 44. bxc5 Kd5 45. e6 Kxe6 46. Re3+ Kd7 47.
Re4 Bxc5 48. Bg7 Rd5 0-1

[Event "*** Titled Tuesday Blitz"]
[Site "Chess.com"]
[Date "2020.11.10"]
[Round "5"]
[White "BanjoKazooieN64"]
[Black "arminmusovic"]
[Result "1/2-1/2"]
[WhiteElo "2397"]
[BlackElo "2558"]
[TimeControl "180+1"]
[EndTime "10:59:37 PST"]
[Termination "Game drawn by repetition"]

1. e4 c6 2. Nc3 d5 3. Nf3 dxe4 4. Nxe4 Nf6 5. Qe2 Nxe4 6. Qxe4 Qd5 7. Qh4 Qe6+ 8. Be2 Qg6 9. Qg3 Qxg3 10. hxg3 g6 11. d4 Bg7 12. c3 Nd7 13. Bh6 O-O 14. O-O-O Re8 15. Bxg7 Kxg7 16. Rh4 Nf6 17. Ne5 Be6 18. g4 h6 19. Rdh1 Rh8 20. g3 Bxa2 21. f4 Bd5 22.
Rf1 Rad8 23. Bd3 g5 24. Rh2 Be4 25. fxg5 hxg5 26. Rxh8 Rxh8 27. Bxe4 Nxe4 28. Rxf7+ Kg8 29. Rxe7 Rh2 30. Rxb7 Nxg3 31. Nxc6 Nf1 32. d5 Ne3 33. Ne7+ Kf8 34. Ng6+ Kg8 35. Ne5 Rh1+ 36. Kd2 Nxd5 37.
Rxa7 Rh2+ 38. Kc1 Nf4 39. c4 Re2 40. Ra5 Rxe5 41. Rxe5 Nd3+ 42. Kd2 Nxe5 43. c5 Kf7 44. b4 Ke6 45. b5 Kd5 46. b6 Kc6 47. Ke3 Nxg4+ 48.
Ke4 Nh6 49. Ke5 g4 50. Kf4 Kb7 51. Kg3 Kc6 52. Kf4 Kb7 53. Kg3 Kc6 54. Kh4 Kb7 55. Kg3 1/2-1/2